General information
- name: BNet
- type: Ladder team game (AT/RT)
- host: Battle.net
- saver: DAGREN-SUP.
map: Mur'gulOasis
- players: 8
- length: 14:09
- speed: Fast
- version: 1.26 W3XP
- replay type: Public
» download(116 KB)
Players
team 1 (winner)
RaMiuS (
pink | 70 APM | 994 actions | 14:07)
5 Demon Hunter
2 Evasion
3 Mana Burn
3 Keeper of the Grove
2 Entangling Roots
1 Thorns Aura
» actions
| Assign group hotkey | 110 | |
| Basic commands | 4 | |
| Build / train | 46 | |
| Enter build submenu | 14 | |
| Enter hero's abilities submenu | 8 | |
| Give item / drop item | 1 | |
| Right click | 521 | |
| Select / deselect | 200 | |
| Select group hotkey | 45 | |
| Use ability | 45 | |
994 total
» units
| Wisp | 11 | |
| Archer | 6 | |
| Makrura Snapper | 2 | |
| Giant Sea Turtle | 1 | |
| Hippogryph | 3 | |
| Chimaera | 4 | |
27 total
» upgrades
» buildings
| Altar of Elders | 1 | |
| Moon Well | 6 | |
| Ancient of War | 1 | |
| Tree of Ages | 3 | |
| Hunter's Hall | 1 | |
| Tree of Eternity | 1 | |
| Ancient of Wind | 1 | |
| Chimaera Roost | 3 | |
17 total
» build order
00:05 Altar of Elders
00:21 Moon Well
00:30 Ancient of War
01:48 Moon Well
03:10 Tree of Ages
03:10 Tree of Ages
04:46 Moon Well
04:49 Hunter's Hall
06:03 Tree of Eternity
06:58 Ancient of Wind
08:05 Moon Well
08:30 Chimaera Roost
08:31 Chimaera Roost
08:33 Chimaera Roost
08:39 Moon Well
10:23 Moon Well
» items
| Potion of Healing | 1 | |
| Staff of Preservation | 1 | |
2 total

»
DeathCOIL (
teal | 83 APM | 1166 actions | 14:07)
4 Keeper of the Grove
2 Entangling Roots
2 Thorns Aura
3 Priestess of the Moon
1 Searing Arrows
2 Trueshot Aura
» actions
| Assign group hotkey | 22 | |
| Basic commands | 32 | |
| Build / train | 42 | |
| ESC pressed | 2 | |
| Enter build submenu | 14 | |
| Enter hero's abilities submenu | 7 | |
| Give item / drop item | 1 | |
| Right click | 554 | |
| Select / deselect | 230 | |
| Select group hotkey | 212 | |
| Use ability | 50 | |
1166 total
» units
| Wisp | 15 | |
| Archer | 1 | |
| Huntress | 4 | |
| Dryad | 1 | |
| Mountain Giant | 6 | |
27 total
» upgrades
| Ultravision | 1 | |
| Strength of the Wild | 1 | |
| Abolish Magic | 1 | |
3 total
» buildings
| Altar of Elders | 1 | |
| Moon Well | 6 | |
| Ancient of War | 1 | |
| Hunter's Hall | 1 | |
| Ancient of Wonders | 1 | |
| Tree of Ages | 1 | |
| Ancient Protector | 2 | |
| Ancient of Lore | 2 | |
15 total
» build order
00:14 Altar of Elders
00:18 Moon Well
01:14 Ancient of War
01:52 Hunter's Hall
02:02 Moon Well
02:54 Ancient of Wonders
03:28 Tree of Ages
04:35 Ancient Protector
05:57 Ancient of Lore
06:02 Ancient of Lore
07:09 Moon Well
07:10 Moon Well
09:07 Moon Well
09:10 Moon Well
09:20 Ancient Protector
» items

»
DAGREN-SUP. (
orange | 75 APM | 1067 actions | 14:09)
4 Blademaster
2 Wind Walk
2 Critical Strike
4 Shadow Hunter
2 Hex
2 Healing Wave
» actions
| Assign group hotkey | 51 | |
| Basic commands | 9 | |
| Build / train | 47 | |
| Enter build submenu | 13 | |
| Enter hero's abilities submenu | 9 | |
| Remove unit from queue | 1 | |
| Right click | 408 | |
| Select / deselect | 116 | |
| Select group hotkey | 363 | |
| Use ability | 50 | |
1067 total
» units
| Peon | 7 | |
| Grunt | 4 | |
| Wind Rider | 9 | |
| Raider | 1 | |
21 total
» upgrades
| Ensnare | 1 | |
| Ranged Weapons | 2 | |
| Reinforced Defenses | 1 | |
| Envenomed Spears | 2 | |
6 total
» buildings
| Altar of Storms | 1 | |
| Orc Burrow | 6 | |
| Barracks | 1 | |
| Voodoo Lounge | 1 | |
| Stronghold | 1 | |
| War Mill | 1 | |
| Beastiary | 2 | |
| Fortress | 2 | |
15 total
» build order
00:06 Altar of Storms
00:13 Orc Burrow
00:34 Barracks
01:19 Orc Burrow
02:17 Voodoo Lounge
03:09 Stronghold
03:52 Orc Burrow
04:39 Orc Burrow
04:58 War Mill
05:43 Beastiary
06:03 Beastiary
08:34 Fortress
08:35 Fortress
10:53 Orc Burrow
10:54 Orc Burrow
» items
| Healing Salve | 1 | |
| Boots of Speed | 1 | |
| Potion of Mana | 1 | |
3 total
Sol1dsn4ck3r (
yellow | 84 APM | 1181 actions | 14:07)
4 Demon Hunter
2 Immolation
2 Evasion
» actions
| Assign group hotkey | 14 | |
| Basic commands | 149 | |
| Build / train | 81 | |
| Enter build submenu | 16 | |
| Enter hero's abilities submenu | 4 | |
| Give item / drop item | 2 | |
| Remove unit from queue | 1 | |
| Right click | 276 | |
| Select / deselect | 225 | |
| Select group hotkey | 375 | |
| Use ability | 38 | |
1181 total
» units
» upgrades
| Strength of the Wild | 2 | |
| Abolish Magic | 1 | |
| Reinforced Hides | 2 | |
5 total
» buildings
| Altar of Elders | 1 | |
| Moon Well | 6 | |
| Tree of Ages | 1 | |
| Ancient of Wonders | 1 | |
| Hunter's Hall | 1 | |
| Ancient of Lore | 3 | |
| Tree of Eternity | 0 | |
| Tree of Life | 2 | |
15 total
» build order
00:08 Altar of Elders
00:20 Moon Well
01:57 Tree of Ages
02:11 Moon Well
02:35 Ancient of Wonders
02:51 Hunter's Hall
04:24 Ancient of Lore
04:29 Ancient of Lore
04:50 Ancient of Lore
05:10 Moon Well
07:03 Moon Well
08:41 Moon Well
09:22 Tree of Eternity
12:14 Tree of Life
12:35 Moon Well
13:36 Tree of Life
» items
| Periapt of Vitality | 2 | |
| Boots of Speed | 1 | |
| Potion of Healing | 1 | |
| Moonstone | 1 | |
5 total
team 2 (loser)

»
sinso (
purple | 71 APM | 1004 actions | 14:07)
4 Mountain King
2 Storm Bolt
2 Bash
2 Paladin
1 Holy Light
1 Devotion Aura
» actions
| Assign group hotkey | 20 | |
| Basic commands | 7 | |
| Build / train | 46 | |
| ESC pressed | 2 | |
| Enter build submenu | 23 | |
| Enter hero's abilities submenu | 6 | |
| Give item / drop item | 5 | |
| Right click | 301 | |
| Select / deselect | 197 | |
| Select group hotkey | 339 | |
| Use ability | 58 | |
1004 total
» units
| Peasant | 9 | |
| Footman | 6 | |
| Priest | 3 | |
| Knight | 4 | |
22 total
» upgrades
| Defend | 1 | |
| Swords | 1 | |
| Plating | 2 | |
| Animal War Training | 1 | |
| Priest Training | 1 | |
6 total
» buildings
| Farm | 11 | |
| Barracks | 3 | |
| Altar of Kings | 1 | |
| Lumber Mill | 1 | |
| Scout Tower | 2 | |
| Arcane Tower | 1 | |
| Guard Tower | 1 | |
| Arcane Vault | 1 | |
| Keep | 1 | |
| Blacksmith | 1 | |
| Castle | 1 | |
| Arcane Sanctum | 1 | |
25 total
» build order
00:43 Farm
01:04 Barracks
01:12 Altar of Kings
01:22 Lumber Mill
01:58 Scout Tower
02:04 Scout Tower
02:13 Farm
02:30 Farm
02:34 Arcane Tower
02:45 Farm
03:00 Guard Tower
03:09 Farm
03:59 Arcane Vault
04:27 Keep
04:55 Farm
05:41 Barracks
05:44 Barracks
05:47 Farm
06:37 Blacksmith
07:07 Castle
07:17 Arcane Sanctum
07:34 Farm
08:44 Farm
09:11 Farm
09:13 Farm
» items
| Scroll of Regeneration | 2 | |
| Lesser Clarity Potion | 1 | |
| Boots of Speed | 1 | |
| Orb of Corruption | 1 | |
| Scroll of Town Portal | 1 | |
6 total
Chiodos-iZ-SiK (
green | 66 APM | 928 actions | 14:06)
3 Death Knight
2 Death Coil
1 Unholy Aura
2 Lich
1 Frost Nova
1 Frost Armor
» actions
| Assign group hotkey | 15 | |
| Build / train | 48 | |
| Enter build submenu | 14 | |
| Enter hero's abilities submenu | 5 | |
| Remove unit from queue | 1 | |
| Right click | 452 | |
| Select / deselect | 178 | |
| Select group hotkey | 149 | |
| Use ability | 65 | |
928 total
» units
| Acolyte | 5 | |
| Ghoul | 3 | |
| Crypt Fiend | 13 | |
| Frost Wyrm | 1 | |
22 total
» upgrades
| Creature Attack | 1 | |
| Unholy Strength | 0 | |
| Creature Carapace | 1 | |
| Web | 1 | |
3 total
» buildings
| Crypt | 1 | |
| Graveyard | 1 | |
| Altar of Darkness | 1 | |
| Ziggurat | 6 | |
| Tomb of Relics | 1 | |
| Nerubian Tower | 1 | |
| Halls of the Dead | 1 | |
| Spirit Tower | 1 | |
| Black Citadel | 1 | |
| Sacrificial Pit | 1 | |
| Boneyard | 2 | |
17 total
» build order
00:11 Crypt
00:14 Graveyard
00:20 Altar of Darkness
00:40 Ziggurat
01:16 Tomb of Relics
01:34 Nerubian Tower
02:08 Ziggurat
04:17 Halls of the Dead
04:21 Ziggurat
05:34 Ziggurat
06:40 Spirit Tower
08:03 Black Citadel
08:08 Sacrificial Pit
08:13 Ziggurat
10:30 Boneyard
10:33 Boneyard
10:34 Ziggurat
» items
| Rod of Necromancy | 2 | |
| Scroll of Town Portal | 1 | |
| Circlet of Nobility | 1 | |
| Potion of Lesser Invulnerability | 1 | |
| Periapt of Vitality | 4 | |
9 total
Dance (
red | 76 APM | 1044 actions | 13:42)
3 Dark Ranger
2 Black Arrow
1 Silence
» actions
| Assign group hotkey | 77 | |
| Basic commands | 71 | |
| Build / train | 52 | |
| Enter build submenu | 25 | |
| Enter hero's abilities submenu | 3 | |
| Give item / drop item | 2 | |
| Right click | 322 | |
| Select / deselect | 236 | |
| Select group hotkey | 213 | |
| Use ability | 43 | |
1044 total
» units
| Peasant | 16 | |
| Rifleman | 8 | |
| Mortar Team | 5 | |
29 total
» upgrades
| Gunpowder | 1 | |
| Long Rifles | 1 | |
| Flare | 1 | |
| Masonry | 1 | |
| Flak Cannons | 1 | |
| Fragmentation Shards | 1 | |
6 total
» buildings
| Farm | 8 | |
| Altar of Kings | 1 | |
| Barracks | 1 | |
| Blacksmith | 1 | |
| Scout Tower | 7 | |
| Arcane Tower | 3 | |
| Keep | 1 | |
| Lumber Mill | 1 | |
| Arcane Vault | 1 | |
| Guard Tower | 4 | |
| Castle | 1 | |
| Workshop | 2 | |
| Arcane Sanctum | 1 | |
32 total
» build order
01:02 Farm
01:05 Altar of Kings
01:07 Barracks
01:17 Blacksmith
01:42 Farm
02:04 Scout Tower
02:18 Farm
02:41 Arcane Tower
02:41 Arcane Tower
03:15 Farm
03:54 Farm
05:01 Keep
05:42 Lumber Mill
05:46 Scout Tower
05:47 Scout Tower
05:48 Scout Tower
05:54 Scout Tower
06:56 Arcane Tower
07:02 Scout Tower
07:04 Scout Tower
07:17 Arcane Vault
07:26 Guard Tower
07:26 Guard Tower
07:33 Guard Tower
07:39 Farm
07:43 Farm
07:46 Castle
08:00 Guard Tower
08:07 Workshop
08:42 Workshop
08:50 Arcane Sanctum
09:44 Farm
» items
| Potion of Lesser Invulnerability | 1 | |
1 total

»
UncleDrue (
blue | 30 APM | 408 actions | 13:23)
3 Lich
2 Frost Nova
1 Frost Armor
» actions
| Assign group hotkey | 7 | |
| Build / train | 28 | |
| Enter build submenu | 14 | |
| Enter hero's abilities submenu | 3 | |
| Give item / drop item | 1 | |
| Right click | 148 | |
| Select / deselect | 107 | |
| Select group hotkey | 78 | |
| Use ability | 22 | |
408 total
» units
| Acolyte | 2 | |
| Ghoul | 4 | |
| Crypt Fiend | 4 | |
| Frost Wyrm | 4 | |
14 total
» upgrades
| Creature Attack | 2 | |
| Creature Carapace | 1 | |
3 total
» buildings
| Ziggurat | 7 | |
| Crypt | 1 | |
| Altar of Darkness | 1 | |
| Graveyard | 1 | |
| Nerubian Tower | 2 | |
| Halls of the Dead | 1 | |
| Black Citadel | 2 | |
| Tomb of Relics | 1 | |
| Sacrificial Pit | 1 | |
| Boneyard | 2 | |
19 total
» build order
00:11 Ziggurat
00:21 Crypt
00:41 Altar of Darkness
01:01 Graveyard
01:10 Ziggurat
01:54 Nerubian Tower
02:10 Nerubian Tower
02:55 Halls of the Dead
03:07 Ziggurat
04:49 Ziggurat
05:21 Black Citadel
05:21 Black Citadel
06:10 Tomb of Relics
06:21 Sacrificial Pit
08:11 Boneyard
08:17 Boneyard
10:49 Ziggurat
10:54 Ziggurat
11:01 Ziggurat
» items
| Scroll of Town Portal | 1 | |
| Potion of Healing | 1 | |
2 total
Chat log
(00:05 / All) DeathCOIL: hello
(00:06 / Allies) RaMiuS: lol
(00:11 / Allies) RaMiuS: i just saw you chatting
(00:14 / Allies) RaMiuS: in ggl
(00:19 / Allies) DAGREN-SUP.: me 2
(00:19 / Allies) DeathCOIL: yeah
(00:21 / Allies) DeathCOIL: dance was in there too
(00:33 / Allies) RaMiuS: he any good?
(00:36 / Allies) DeathCOIL: no clue
(00:36 / Allies) DeathCOIL: but me
(00:38 / Allies) DeathCOIL: I am not good lol
(00:41 / Allies) RaMiuS: fuck
(00:45 / Allies) RaMiuS: we have 3 ne
(00:52 / Allies) DeathCOIL: what units?
(00:54 / Allies) DeathCOIL: I got MGs
(01:02 / Allies) RaMiuS: ill chim then'
(01:18 / Allies) DeathCOIL: orange
(01:19 / Allies) DeathCOIL: what units?
(01:24 / Allies) RaMiuS: orange
(01:26 / Allies) RaMiuS: caster tauren
(01:29 / Allies) RaMiuS: and i'd love you
(01:32 / Allies) DeathCOIL: I'm getting dryad + bears
(01:36 / Allies) DeathCOIL: mostly dryads
(01:38 / Allies) DeathCOIL: barely any bears
(01:53 / Allies) RaMiuS: he didn't say he was going that though'
(01:59 / Allies) RaMiuS: riffles
(02:11 / Allies) DeathCOIL: yeah
(02:15 / Allies) DeathCOIL: but I just assume he is
(02:20 / Allies) DeathCOIL: because I am good with dryad + bears
(03:41 / Allies) RaMiuS: coing
(03:43 / Allies) RaMiuS: detonate
(04:03 / Allies) RaMiuS: detonate
(04:04 / Allies) RaMiuS: bro
(04:10 / Allies) RaMiuS: ill give lumber if i have to
(04:19 / Allies) DeathCOIL: k
(04:21 / Allies) DeathCOIL: next time
(04:28 / Allies) DeathCOIL: thanks
(04:31 / Allies) RaMiuS: make a tower
(04:33 / Allies) RaMiuS: just incase
(04:41 / Allies) DeathCOIL: yep
(05:15 / Allies) DeathCOIL: care behind us
(05:19 / Allies) RaMiuS: got it
(06:14 / Allies) RaMiuS: k
(06:18 / Allies) RaMiuS: go jack
(07:09 / Allies) RaMiuS: entangle
(07:41 / Allies) DeathCOIL: dk
(08:35 / Allies) DeathCOIL: looks like orange has air
(08:39 / Allies) DeathCOIL: and yellow has dryads covered
(08:41 / Allies) DeathCOIL: so I'm massing MG
(08:47 / Allies) RaMiuS: lmao
(08:50 / Allies) RaMiuS: i forgot my second hero
(09:44 / Allies) RaMiuS: gave u pot
(09:47 / Allies) DeathCOIL: got it
(10:12 / Allies) RaMiuS: chims otw
(10:26 / Allies) DeathCOIL: their side first
(10:29 / Allies) DeathCOIL: our side later
(10:54 / Allies) RaMiuS: lol
(10:56 / Allies) RaMiuS: bye bye mg
(10:59 / Allies) DeathCOIL: lol
(11:00 / Allies) DeathCOIL: it'll come back
(11:04 / Allies) RaMiuS: i know
(12:06 / Allies) RaMiuS: lmao raped
(12:22 / All) RaMiuS: too much gay elf
(12:49 / Allies) RaMiuS: b
(13:49 / Allies) RaMiuS: gg
(13:51 / All) DeathCOIL: gg